 Dungeon Crawl Stone Soup version 0.19.3 (webtiles) character file.

65 theAP the Skirmisher (level 4, 0/29 HPs)
             Began as a Gargoyle Fighter on Jan 22, 2017.
             Slain by a hobgoblin
             ... wielding a +0 club
             ... led by Robin
              (2 damage)
             ... on level 2 of the Dungeon.
             The game lasted 00:02:34 (1231 turns).

theAP the Skirmisher (Gargoyle Fighter)             Turns: 1231, Time: 00:02:34

Health: 0/29       AC: 10    Str: 26    XL:     4   Next: 13%
Magic:  4/4        EV:  7    Int:  8    God:
Gold:   28         SH:  9    Dex:  9    Spells: 0 memorised, 3 levels left

rFire  . . .     SeeInvis .     a - +0 flail
rCold  . . .     Gourm    .     b - +0 scale mail
rNeg   + . .     Faith    .     c - +0 shield
rPois  ∞         Spirit   .     (no helmet)
rElec  +         Reflect  .     (no cloak)
rCorr  .         Harm     .     (no gloves)
MR     .....                    (no boots)
Stlth  ..........               (no amulet)
                                (no ring)
                                (no ring)

@: mighty
A: negative energy resistance 1, electricity resistance, unbreathing,
petrification resistance, rot immunity, AC +3
a: no special abilities


You were on level 2 of the Dungeon.
You were not hungry.

You visited 1 branch of the dungeon, and saw 2 of its levels.

You collected 28 gold pieces.

Inventory:

Hand Weapons
 a - a +0 flail (weapon)
Armour
 b - a +0 scale mail (worn)
 c - a +0 shield (worn)
Scrolls
 j - 2 scrolls of noise {unknown}
 l - a scroll of teleportation {unknown}
 m - a scroll of magic mapping {unknown}
 n - a scroll of immolation {unknown}
Potions
 e - a potion of curing {unknown}
 g - a potion of degeneration {unknown}
 h - 2 potions of heal wounds {unknown}
 i - a potion of brilliance {unknown}
Comestibles
 f - a bread ration
 k - a beef jerky
 o - 2 chunks of flesh


   Skills:
 + Level 4.0 Fighting
 * Level 3.7 Maces & Flails
 - Level 3.2 Armour
 - Level 3.2 Shields


You had 3 spell levels left.
You didn't know any spells.

Dungeon Overview and Level Annotations

Branches:
Dungeon (2/15)

Altars:


Innate Abilities, Weirdness & Mutations

You are resistant to torment.
Your stone body is resilient. (AC +3)
You are immune to poison.
You resist negative energy. (rN+)
You are resistant to electric shocks. (rElec)
You can survive without breathing.
You are immune to petrification.
You are immune to rotting.


Message History

Your Fighting skill increases to level 4!
You have reached level 4!
You feel stronger. The goblin closely misses you.
You block the hobgoblin's attack. The goblin barely misses you.
The hobgoblin barely misses you. You block the hobgoblin's attack.
The hobgoblin barely misses you. You block the goblin's attack.
The hobgoblin barely misses you.
You closely miss the goblin. The goblin barely misses you.
The hobgoblin hits you but does no damage. x3
You block the hobgoblin's attack. The goblin hits you with a club.
The goblin hits you.
* * * LOW HITPOINT WARNING * * *
The hobgoblin hits you.
* * * LOW HITPOINT WARNING * * *
Unknown command.
You are too injured to fight recklessly!
Unknown command.
The hobgoblin hits you but does no damage. x2
You block the goblin's attack. The hobgoblin hits you with a club.
You die...

#.>...(....#
#....(.....#
#......".!.#
#....<(....#
#......[...##
#.......>...#
#.............
#..)gg....#...
##..@g...####.
##ggg..##
#######


You could see 4 hobgoblins and 2 goblins.

Vanquished Creatures
  Robin (D:2)
  A gnoll (D:1)
  An ooze (D:1)
  2 dart slugs (D:1)
  5 bats
  3 giant cockroaches (D:1)
  6 goblins
  8 hobgoblins
  2 ball pythons (D:1)
  2 frilled lizards
  3 kobolds (D:1)
  A rat (D:1)
35 creatures vanquished.

Notes
Turn   | Place    | Note
-------+----------+-------------------------------------------
     0 | D:1      | theAP the Gargoyle Fighter began the quest for the Orb.
     0 | D:1      | Reached XP level 1. HP: 14/14 MP: 1/1
    59 | D:1      | Reached XP level 2. HP: 14/19 MP: 2/2
   342 | D:1      | Reached XP level 3. HP: 22/24 MP: 3/3
  1076 | D:2      | Noticed Robin
  1229 | D:2      | Killed Robin
  1229 | D:2      | Reached skill level 4 in Fighting
  1229 | D:2      | Reached XP level 4. HP: 11/29 MP: 4/4
  1231 | D:2      | Slain by a hobgoblin

Skill      XL: |  1  2  3 |
---------------+----------+-----
Maces & Flails | 3 |  3.7
Fighting       | 4 |  4.0
Armour         | |  3.2
Shields        | |  3.2

Action                   |  1- 3 |  4- 6 || total
-------------------------+-------+-------++-------
Melee: Flail             |   131 |     1 ||   132
  Use: Potion            |     1 |       ||     1
  Eat: Chunk             |     1 |       ||     1
Armor: Scale mail        |    80 |     5 ||    85
Dodge: Dodged            |    67 |     6 ||    73
Block: Shield            |   107 |     5 ||   112
